 Dungeon Crawl Stone Soup version 0.31.0-11-ge490571c62 (webtiles) character file.

Game seed: 10947184624871968417

39 sasquatch the Shield-Bearer (level 3, -3/29 HPs)
             Began as a Formicid Fighter on Jan 28, 2024.
             Slain by a gnoll
             ... wielding a +0 halberd
              (13 damage)
             ... on level 2 of the Dungeon.
             The game lasted 00:01:13 (1294 turns).

sasquatch the Shield-Bearer (Formicid Fighter)      Turns: 1294, Time: 00:01:13

Health: -3/29      AC:  6    Str: 22    XL:     3   Next: 70%
Magic:  3/3        EV:  9    Int:  7    God:
Gold:   40         SH:  5    Dex: 13    Spells: 2/2 levels left

rFire   . . .        a - +0 war axe
rCold   . . .        c - +0 buckler
rNeg    . . .        b - +0 scale mail
rPois   .            (helmet unavailable)
rElec   .            (no cloak)
rCorr   .            (no gloves)
SInv    +            (no boots)
Will    .....        (no amulet) Stlth
                     (no ring)
HPRegen 0.24/turn    (no ring)
MPRegen 0.08/turn

%: no passive effects
@: no status effects
A: permanent stasis, dig shafts and tunnels, antennae 3, four strong arms
a: Dig, Shaft Self


You were on level 2 of the Dungeon.
You visited 1 branch of the dungeon, and saw 2 of its levels.

You collected 40 gold pieces.

Inventory:

Hand Weapons
 a - a +0 war axe (weapon)
Missiles
 k - 6 javelins
Armour
 b - a +0 scale mail (worn)
 c - a +0 buckler (worn)
Scrolls
 f - a scroll of vulnerability {unknown}
 h - a scroll of revelation {unknown}
 i - a scroll of enchant weapon {unknown}
 j - a scroll of noise {unknown}
 m - a scroll of amnesia {unknown}
 n - 2 scrolls of identify {unknown}
Potions
 d - a potion of might
 e - 2 potions of curing {unknown}
 g - a potion of haste {unknown}
 l - a potion of brilliance {unknown}
 o - a potion of mutation {unknown}


   Skills:
 - Level 3.2 Fighting
 + Level 3.8 Axes
 - Level 3.2 Armour
 - Level 4.0 Shields


You had 2 spell levels left.
You didn't know any spells.
Your spell library was empty.

Dungeon Overview and Level Annotations

Branches:
Dungeon (2/15)

Altars:

Shops:
D:1 !


Innate Abilities, Weirdness & Mutations

You cannot be hasted, slowed, berserked, paralysed or teleported.
You can dig through walls and to a lower floor.
You have a pair of large antennae on your head. (SInv)
Your four strong arms can wield two-handed weapons with a shield.


Message History

You slash the gnoll!
The gnoll is almost dead.
The gnoll hits you with a +0 club.
A gnoll comes into view. It is wielding a +0 halberd.
The gnoll hits you but does no damage.
You hit the gnoll.
You kill the gnoll!
You have reached level 3!
Your experience leads to an increase in your attributes!
Increase (S)trength, (I)ntelligence, or (D)exterity?
You feel stronger. x2
The gnoll barely misses you. You block the gnoll's attack. x2
You barely miss the gnoll. You hit the gnoll but do no damage.
The gnoll barely misses you. The gnoll hits you with a +0 halberd.
You slash the gnoll!
The gnoll is severely wounded.
You hit the gnoll. The gnoll hits you with a +0 halberd!
The gnoll barely misses you. x2
You closely miss the gnoll.
The gnoll is severely wounded.
You closely miss the gnoll. You block the gnoll's attack.
The gnoll completely misses you. The gnoll barely misses you.
Unknown command.
You barely miss the gnoll.
The gnoll is severely wounded.
You hit the gnoll. The gnoll closely misses you. You block the gnoll's attack.
The gnoll hits you but does no damage.
You barely miss the gnoll.
The gnoll is severely wounded.
You barely miss the gnoll. You block the gnoll's attack.
The gnoll hits you with a +0 halberd. The gnoll hits you but does no damage.
Unknown command.
You slash the gnoll!
You kill the gnoll!
You barely miss the gnoll. The gnoll barely misses you.
You barely miss the gnoll.
The gnoll is heavily wounded.
The gnoll hits you with a +0 halberd!
You die...

#.......###.#...##
#.#.##### #.##.##
#.#.#######.##.#
#.#.........##.#
#.############+## #.##
##...## ##.#.###
##.....## #.###..##
##.......##
####.#.)@.####.........##
.......)g....'.........'.
#####....####.........##
#.#.## ##.......## #.###
##.....## #.# ##...## #.#
##'## #.# #.# #.# #.#


You could see a gnoll.

Vanquished Creatures
  2 gnolls (D:2)
  4 endoplasms
  2 giant cockroaches
  A quokka (D:2)
  2 ball pythons
  3 bats (D:2)
  2 frilled lizards
  4 kobolds
20 creatures vanquished.

Notes
Turn   | Place    | Note
-------+----------+-------------------------------------------
     0 | D:1      | sasquatch the Formicid Fighter began the quest for the Orb.
     0 | D:1      | Reached XP level 1. HP: 18/18 MP: 1/1
   252 | D:1      | Reached XP level 2. HP: 24/24 MP: 2/2
   325 | D:1      | Found Urgheagh's Distillery.
  1282 | D:2      | Reached XP level 3. HP: 26/29 MP: 3/3
  1294 | D:2      | Slain by a gnoll

Illustrated notes

Levels and vault maps discovered:
D:1:      dpeg_arrival_boxes_within_box, layout_basic, serial_shops, shop,
          hex_intersection, serial_park_tiny_1
D:2:      layout_loops_corners, dreamdust_mushroom_princess

Skill      XL: |  1  2 |
---------------+-------+-----
Axes           | 3 |  3.8
Fighting       | |  3.2
Armour         | |  3.2
Shields        | |  4.0

Action                     || total
---------------------------++-------
  Melee: War axe           ||    46
 Armour: Scale mail        ||    24
  Dodge: Dodged            ||    23
  Block: Buckler           ||    18
